 Dungeon Crawl Stone Soup version 0.28.0-47-ge53b351184 (webtiles) character file.

Game seed: 14410133953945876581

33 CryoSword the Firebug (level 3, -1/26 HPs)
             Began as a Demigod Fire Elementalist on May 5, 2022.
             Slain by a gnoll
             ... wielding a +0 spear
              (6 damage)
             ... on level 2 of the Dungeon.
             The game lasted 00:01:29 (1178 turns).

CryoSword the Firebug (Demigod Fire Elementalist)   Turns: 1178, Time: 00:01:30

Health: -1/26      AC:  2    Str:  9    XL:     3   Next: 0%
Magic:  4/8        EV: 12    Int: 21    God:
Gold:   42         SH:  0    Dex: 14    Spells: 2/5 levels left

rFire   . . .      SeeInvis .   i - +0 quarterstaff
rCold   . . .      Faith    .   (shield currently unavailable)
rNeg    . . .      Spirit   .   a - +0 robe
rPois   .          Reflect  .   (no helmet)
rElec   .          Harm     .   (no cloak)
rCorr   .          Rampage  .   (no gloves)
Will    .....                   (no boots)
Stlth   ++........              c - amulet of regeneration
HPRegen 0.88/turn               (no ring)
MPRegen 0.11/turn               (no ring)

@: no status effects
A: high MP 1, forlorn, divine attributes
a: no special abilities


You were on level 2 of the Dungeon.
You visited 1 branch of the dungeon, and saw 2 of its levels.

You collected 42 gold pieces.

Inventory:

Hand Weapons
 i - a +0 quarterstaff (weapon)
   (You found it on level 1 of the Dungeon)
Armour
 a - a +0 robe (worn)
Jewellery
 c - an amulet of regeneration (around neck)
   (You found it on level 1 of the Dungeon)
Scrolls
 b - a scroll of enchant weapon {unknown}
Potions
 d - a potion of berserk rage {unknown}
 e - 2 potions of resistance {unknown}
 h - a potion of lignification {unknown}


   Skills:
 - Level 1.7 Dodging
 - Level 1.7 Stealth
 - Level 1.7 Spellcasting
 + Level 2.0 Conjurations
 + Level 3.3 Fire Magic


You had 2 spell levels left.
You knew the following spells:

 Your Spells              Type           Power      Damage    Failure   Level
a - Foxfire               Conj/Fire      52%        2x1d6     4%          1
b - Scorch                Fire           32%        2d6       6%          2

Your spell library contained the following spells:

 Spells                   Type           Power      Damage    Failure   Level
 Conjure Flame            Conj/Fire      13%        6-21      16%         3
 Inner Flame              Hex/Fire       8%         N/A       22%         3
 Flame Wave               Conj/Fire      13%        2d6       45%         4


Dungeon Overview and Level Annotations

Branches:
Dungeon (2/15)


Innate Abilities, Weirdness & Mutations

You have an increased reservoir of magic. (+10% MP)
You shall have no god before yourself.
Your divine heritage dramatically boosts your attributes as you level up.


Message History

The foxfire hits the bat but does no damage.
The bat hits you but does no damage.
The foxfire hits the bat.
The bat closely misses you.
The foxfire hits the bat.
You kill the bat!
You miscast Foxfire.
You are very lightly contaminated with residual magic.
Nothing appears to happen.
Your magical contamination has completely faded away.
A rat comes into view.
A rat is nearby!
You conjure some foxfire!
You conjure some foxfire!
The foxfire hits the rat.
You conjure some foxfire!
The foxfire hits the rat.
You kill the rat!
Memorise Scorch, consuming 2 spell levels and leaving 1?
You start memorising the spell.
You continue memorising. x2
You finish memorising.
Spell assigned to 'b'.
Things that are here:
a +0 club; a goblin corpse A hobgoblin comes into view.
A hobgoblin is nearby!
A hobgoblin is nearby!
You conjure some foxfire!
You conjure some foxfire!
The hobgoblin shouts!
You conjure some foxfire!
The foxfire hits the hobgoblin but does no damage.
The foxfire hits the hobgoblin.
You kill the hobgoblin!
You conjure some foxfire!
A ball python comes into view.
The ball python hisses angrily.
A ball python comes into view.
There are monsters nearby!
There are monsters nearby!
There are monsters nearby!
You conjure some foxfire!
The ball python hisses angrily.
You hear a shout!
A goblin comes into view. It is wielding a +0 dagger.
You conjure some foxfire!
The foxfire hits the ball python.
You kill the ball python!
You conjure some foxfire!
The foxfire hits the ball python.
You kill the ball python!
A bat comes into view.
The foxfire hits the goblin.
You conjure some foxfire!
The foxfire hits the goblin.
You kill the goblin!
You conjure some foxfire!
The foxfire hits the bat. x2
You kill the bat!
A kobold comes into view. It is wielding a +0 short sword.
A kobold is nearby!
A kobold is nearby!
A kobold is nearby!
You conjure some foxfire!
The kobold shouts!
You miscast Foxfire.
You are very lightly contaminated with residual magic.
Nothing appears to happen.
The foxfire hits the kobold.
You kill the kobold!
You conjure some foxfire!
A kobold comes into view. It is wielding a +0 dagger.
A kobold is nearby!
A kobold is nearby!
You don't have enough magic to cast this spell.
Your magical contamination has completely faded away.
The kobold shouts!
The kobold hits you but does no damage.
You hit the kobold. The kobold hits you with a +0 dagger.
You hit the kobold but do no damage. The kobold hits you with a +0 dagger.
You barely miss the kobold. The kobold closely misses you.
You hit the kobold.
You kill the kobold!
Your Conjurations skill increases to level 2!
Things that are here:
a +0 dagger; a kobold corpse
Things that are here:
a +0 dagger; a goblin corpse
g - a scroll labelled ISEXZIECKIA
Found a quarterstaff.
h - a bubbling golden potion Could not explore, unopened door.
Could not explore, unopened door.
You open the door.
You see here a +0 quarterstaff.
i - a +0 quarterstaff
i - a +0 quarterstaff (weapon)
You drop a +0 dagger.
You drop 5 atropa-tipped darts.
As you read the scroll labelled HIUNUAZUNAU, it crumbles to dust.
You assume a fearsome visage.
Nothing appears to happen.
It was a scroll of fear.
As you read the scroll labelled ISEXZIECKIA, it crumbles to dust.
Magic quickly surges around you.
It was a scroll of vulnerability.
There is a stone staircase leading down here.
You climb downwards.
Found a scroll labelled GEPHOB BISIAPI.
There is a stone staircase leading up here.
You conjure some foxfire!
The foxfire hits the bat.
You kill the bat!
Nothing appears to happen.
You feel your willpower return.
b - a scroll labelled GEPHOB BISIAPI A hobgoblin comes into view.
A hobgoblin is nearby!
You conjure some foxfire!
The hobgoblin shouts!
Nothing appears to happen.
The foxfire hits the hobgoblin but does no damage.
Flames lash the hobgoblin.
The hobgoblin's fire resistance burns away.
Flames lash the hobgoblin.
The hobgoblin is burned terribly!
You kill the hobgoblin!
You now have 42 gold pieces (gained 2).
You see here a hobgoblin corpse.
e - 2 coppery potions A kobold comes into view.
It is wielding a +0 short sword.
The kobold shouts!
A kobold is nearby!
A kobold is nearby!
The kobold hits you but does no damage.
Flames lash the kobold.
You kill the kobold!
You have reached level 3!
Your experience leads to a dramatic increase in your attributes!
Increase (S)trength, (I)ntelligence, or (D)exterity?
You feel clever. x4
Things that are here:
a +0 short sword; a kobold corpse Could not explore, unopened door.
Could not explore, unopened door.
You open the door. 4 gnolls come into view.
The gnoll shouts!
There are monsters nearby!
There are monsters nearby!
You conjure some foxfire!
The gnoll shouts! x2
The gnoll hits you with a +0 flail.
Flames lash the gnoll.
The gnoll's fire resistance burns away.
The foxfire hits the gnoll.
The gnoll is burned terribly!
The foxfire hits the gnoll.
The gnoll is burned terribly!
You conjure some foxfire!
The gnoll hits you with a +0 flail!
Ouch! That really hurt!
* * * LOW HITPOINT WARNING * * *
The gnoll is no longer more vulnerable to fire.
The foxfire hits the gnoll.
The gnoll misses you. The gnoll hits you with a +0 flail.
* * * LOW HITPOINT WARNING * * *
The gnoll hits you from afar with a +0 spear.
You die...

#.####### #.#.# #.#.#
#.#.###### #.#......#
#g######.# #.# #.# ##
#######g######.####....
#.......g@...#.........
#.......g.#............
#.......).#...#........
#.........#...####.....
#.........##+## ...##
#.........# #.#
#.........# ...
#.........# ##
#.........#


You could see 3 gnolls.

Vanquished Creatures
  4 ball pythons (D:1)
  An endoplasm (D:1)
  A giant cockroach (D:1)
  3 goblins (D:1)
  6 hobgoblins
  3 jackals (D:1)
  3 bats
  A frilled lizard (D:1)
  5 kobolds
  2 rats (D:1)
29 creatures vanquished.

Vanquished Creatures (others)
  112 foxfires
112 creatures vanquished.

Grand Total: 141 creatures vanquished

Notes
Turn   | Place    | Note
-------+----------+-------------------------------------------
     0 | D:1      | CryoSword the Demigod Fire Elementalist began the quest for
                  | the Orb.
     0 | D:1      | Reached XP level 1. HP: 14/14 MP: 5/5
     7 | D:1      | Reached skill level 1 in Conjurations
   140 | D:1      | Reached skill level 3 in Fire Magic
   238 | D:1      | Reached XP level 2. HP: 20/20 MP: 2/7
   743 | D:1      | Learned a level 2 spell: Scorch
  1143 | D:2      | Reached XP level 3. HP: 26/26 MP: 5/8
  1178 | D:2      | Slain by a gnoll

Illustrated notes

Levels and vault maps discovered:
D:1:      eino_arrival_water_cross, layout_basic,
          hellmonk_ecumenical_altar_pennies_from_heaven
D:2:      layout_basic, serial_shops, shop

Skill      XL: |  1  2 |
---------------+-------+-----
Conjurations   | 1 2 |  2.0
Fire Magic     | 3 |  3.3
Dodging        | |  1.7
Stealth        | |  1.7
Spellcasting   | |  1.7

Action                   || total
-------------------------++-------
Melee: Unarmed           ||     8
       Dagger            ||     9
 Cast: Foxfire           ||    65
       Scorch            ||     6
  Use: Scroll            ||     2
Armor: Robe              ||     7
Dodge: Dodged            ||    15
